 Dungeon Crawl Stone Soup version 0.21.0-3-g78d12a8 (webtiles) character file.

102 tilp the Conjurer (level 4, -1/33 HPs)
             Began as a Draconian Conjurer on Jan 9, 2018.
             Killed from afar by tilp's ghost (7 damage)
             ... with a magic dart
             ... on level 3 of the Dungeon.
             The game lasted 00:06:11 (2553 turns).

tilp the Conjurer (Draconian Conjurer)              Turns: 2553, Time: 00:06:12

Health: -1/33      AC:  5    Str: 10    XL:     4   Next: 49%
Magic:  3/7        EV: 12    Int: 16    God:
Gold:   198        SH:  0    Dex: 12    Spells: 4/7 levels left

rFire    . . .     SeeInvis .   i - +0 dagger
rCold    . . .     Gourm    .   (no shield)
rNeg     . . .     Faith    .   (armour unavailable)
rPois    .         Spirit   .   (helmet restricted)
rElec    .         Reflect  .   (no cloak)
rCorr    .         Harm     .   (no gloves)
MR       .....                  (no boots)
Stlth    ++........             (no amulet)
HPRegen  0.11/turn              (no ring)
MPRegen  0.10/turn              (no ring)

@: lethally poisoned (-1 -> -4)
A: unfitting armour, cold-blooded, AC +5
a: no special abilities


You were on level 3 of the Dungeon.
You were not hungry.

You visited 1 branch of the dungeon, and saw 3 of its levels.

You collected 198 gold pieces.

Inventory:

Hand Weapons
 i - a +0 dagger (weapon)
 p - a +0 hunting sling
Missiles
 c - 19 bolts
 f - 14 arrows
 h - 72 stones (quivered)
 m - 10 poisoned needles
 t - 23 sling bullets
Jewellery
 r - an uncursed ring of protection from cold {unknown}
Scrolls
 g - a scroll of identify {unknown}
 j - a scroll of immolation {unknown}
 k - a scroll of enchant weapon {unknown}
 l - 4 scrolls of random uselessness {unknown}
 n - 3 scrolls of magic mapping {unknown}
 v - 2 scrolls of teleportation {unknown}
 w - a scroll of amnesia {unknown}
Potions
 d - 2 potions of invisibility {unknown}
 e - 2 potions of flight {unknown}
 o - a potion of mutation {unknown}
 q - 2 potions of lignification {unknown}
 s - a potion of agility {unknown}
Books
 a - a book of Conjurations

   Spells                             Type                      Level
   a - Magic Dart                     Conjuration                  1
   b - Searing Ray                    Conjuration                  2
   c - Dazzling Spray                 Conjuration/Hexes            3
   d - Fulminant Prism                Conjuration/Hexes            4
   e - Force Lance                    Conjuration/Translocation    4
   f - Iskenderun's Mystic Blast      Conjuration                  4
Comestibles
 b - 5 rations
 u - 2 chunks of flesh


   Skills:
 - Level 1.7 Dodging
 - Level 1.7 Stealth
 - Level 2.0 Spellcasting
 + Level 6.0 Conjurations


You had 4 spell levels left.
You knew the following spells:

 Your Spells              Type           Power        Failure   Level  Hunger
a - Magic Dart            Conj           ###.         1%          1    #......
b - Searing Ray           Conj           ###...       2%          2    ###....


Dungeon Overview and Level Annotations

Branches:
Dungeon (3/15)

Altars:
Gozag

Annotations:
D:2 1 runed door, Terence
D:3 tilp's ghost, amateur DrCj


Innate Abilities, Weirdness & Mutations

Your plain brown scales are hard. (AC +5)
You cannot fit into any form of body armour.
You are cold-blooded and may be slowed by cold attacks.


Message History

Tilp's ghost gestures at you while chanting.
The magic dart hits you! Tilp's ghost hits you.
You are poisoned.
You feel sick.
You feel sick.
Tilp's ghost points at you and mumbles some strange words.
The magic dart hits you!
You feel sick.
You feel sick.
Found a scroll labeled VOUJOAH XOEZO.
You feel sick.
You feel sick. Tilp's ghost casts a spell at you. The magic dart hits you!
* * * LOW HITPOINT WARNING * * *
You feel sick. Tilp's ghost casts a spell at you. The magic dart hits you!
You die...

.# .........#.###?#
.# ########.......#
.## #.####### ..#
#.# #.# #W# ..###.#
#.# ......# ####.#
##############....#
...............#@.#
##############....#
# ##.#.# # #.#... #
#.######.######## #
############.#
.........# .
#............#
#.######.### >
#.############
###...# . #.#
#......


You could see tilp's ghost.

Vanquished Creatures
  3 adders (D:2)
  An ooze (D:1)
  2 worms (D:3)
  3 dart slugs
  3 leopard geckos
  An orc (D:3)
  8 bats
  8 goblins
  4 hobgoblins
  5 jackals
  2 quokkas (D:3)
  2 frilled lizards
  3 kobolds
  7 rats
52 creatures vanquished.

Notes
Turn   | Place    | Note
-------+----------+-------------------------------------------
     0 | D:1      | tilp the Draconian Conjurer began the quest for the Orb.
     0 | D:1      | Reached XP level 1. HP: 14/14 MP: 3/3
    57 | D:1      | Reached XP level 2. HP: 20/20 MP: 5/5
    67 | D:1      | Learned a level 2 spell: Searing Ray
   841 | D:2      | Reached skill level 5 in Conjurations
   841 | D:2      | Reached XP level 3. HP: 22/26 MP: 0/6
   905 | D:2      | Noticed Terence
   977 | D:2      | Found a runed door.
  1553 | D:2      | Reached XP level 4. HP: 21/33 MP: 5/7
  2065 | D:3      | Found an opulent altar of Gozag.
  2088 | D:3      | Found a faded altar of an unknown god.
  2340 | D:3      | Reached skill level 6 in Conjurations
  2536 | D:3      | Noticed tilp's ghost (amateur DrCj)
  2553 | D:3      | Killed from afar by tilp's ghost

Skill      XL: |  1  2  3  4 |
---------------+-------------+-----
Conjurations   | 5 6 |  6.0
Dodging        | |  1.7
Stealth        | |  1.7
Spellcasting   | |  2.0

Action                   |  1- 3 |  4- 6 || total
-------------------------+-------+-------++-------
Melee: Whip              |    16 |       ||    16
       Tailslap          |     9 |     1 ||    10
       Dagger            |    52 |    23 ||    75
Throw: Stone             |     4 |     4 ||     8
 Cast: Magic Dart        |    20 |    28 ||    48
       Searing Ray       |     2 |     3 ||     5
 Stab: Sleeping          |     1 |     1 ||     2
  Eat: Chunk             |     3 |     3 ||     6
Armor: Skin              |    15 |     3 ||    18
Dodge: Dodged            |    54 |    17 ||    71
